 Dungeon Crawl Stone Soup version 0.23-a0-208-gb6b040f (webtiles) character file.

11501 Amnesiac the Archer (level 11, -1/75 HPs)
             Began as a Mummy Air Elementalist on Sept 25, 2018.
             Was a High Priest of Okawaru.
             Shot with an arrow by a centaur warrior (6 damage)
             ... on level 11 of the Dungeon.
             The game lasted 00:29:36 (13414 turns).

Amnesiac the Archer (Mummy Air Elementalist)       Turns: 13414, Time: 00:29:36

Health: -1/75      AC: 10    Str: 16    XL:     11   Next: 50%
Magic:  1/20       EV: 13    Int: 17    God:    Okawaru [*****.]
Gold:   490        SH:  6    Dex: 14    Spells: 3/22 levels left

rFire    x . .     SeeInvis .   u - +1 longbow "Usmokk" {velocity, rPois Str-3 Dex+2}
rCold    + . .     Gourm    .   (shield currently unavailable)
rNeg     + + +     Faith    .   y - +2 leather armour {rC+}
rPois    ∞         Spirit   .   z - +0 helmet of Lyax Ker {rElec rC- Stlth+}
rElec    +         Reflect  +   n - +2 cloak {+Inv}
rCorr    .         Harm     .   l - +0 pair of gloves
MR       +....                  (no boots)
Stlth    +++.......             k - +6 amulet of reflection
HPRegen  0.22/turn              e - +6 ring of strength
MPRegen  0.17/turn              i - +3 ring of slaying

@: very slightly contaminated
A: no food or potions, fire vulnerability, cold resistance 1, negative energy
resistance 3, torment resistance, unbreathing
a: Heroism, Finesse, Renounce Religion, Evoke Invisibility


You were on level 11 of the Dungeon.
You worshipped Okawaru.
Okawaru was extremely pleased with you.
You were not hungry.

You visited 2 branches of the dungeon, and saw 12 of its levels.

You collected 490 gold pieces.

Inventory:

Hand Weapons
 u - the +1 longbow "Usmokk" (weapon) {velocity, rPois Str-3 Dex+2}
   (You found it on level 7 of the Dungeon)

   Any arrow fired from it inflicts extra damage.
   It affects your strength (-3).
   It affects your dexterity (+2).
   It protects you from poison.
 A - the cursed +1 broad axe "Cus Seaw" {flame, rF++ rC- SInv Stlth+, unknown}
   (You found it on level 10 of the Dungeon)

   It has been specially enchanted to burn those struck by it, causing extra
   injury to most foes and up to half again as much damage against particularly
   susceptible opponents.
   Big, fiery blades are also staple armaments of hydra-hunters.
   It greatly protects you from fire.
   It makes you vulnerable to cold.
   It lets you see invisible.
   It makes you more stealthy.
   It has a curse placed upon it.
Missiles
 s - 225 arrows (quivered)
Armour
 l - a +0 pair of gloves (worn)
 n - a +2 cloak of invisibility (worn)
 q - a +0 chain mail
 v - a +0 plate armour
 y - a +2 leather armour of cold resistance (worn)
 z - the +0 helmet of Lyax Ker (worn) {rElec rC- Stlth+}
   (Okawaru gifted it to you on level 10 of the Dungeon)

   It makes you vulnerable to cold.
   It insulates you from electricity.
   It makes you more stealthy.
Jewellery
 e - a +6 ring of strength (left hand)
 i - a +3 ring of slaying (right hand)
 k - a +6 amulet of reflection (around neck)
 x - an uncursed amulet of magic regeneration
Wands
 t - a wand of digging (16)
Scrolls
 a - 2 scrolls of fog {!r}
 b - 4 scrolls of identify {!r}
 c - a scroll of fear {!r}
 d - a scroll of magic mapping {!r}
 f - 4 scrolls of teleportation {!r}
 g - 7 scrolls of remove curse {!r}
 h - a scroll of amnesia {!r}
 j - a scroll of enchant armour {!r}
 m - a scroll of summoning {!r}
 o - 2 scrolls of noise {!r}
 p - 2 scrolls of enchant weapon {!r}
 r - a scroll of blinking {!r}
Miscellaneous
 w - a phial of floods


   Skills:
 - Level 3.3 Fighting
 * Level 10.4 Bows
 - Level 3.5 Armour
 - Level 3.5 Dodging
 - Level 1.5 Stealth
 - Level 6.0 Spellcasting
 - Level 0.7 Conjurations
 - Level 6.0 Air Magic
 + Level 7.9 Invocations


You had 3 spell levels left.
You knew the following spells:

 Your Spells              Type           Power        Failure   Level  Hunger
a - Shock                 Conj/Air       ###.         3%          1    N/A
b - Lightning Bolt        Conj/Air       ###.......   71%         5    N/A
c - Summon Lightning Spi  Summ/Air       ###.....     41%         4    N/A
d - Airstrike             Air            ####......   13%         4    N/A
e - Mephitic Cloud        Conj/Pois/Air  ##......     19%         3    N/A
z - Swiftness             Chrm/Air       ###.....     7%          2    N/A

Your spell library contained the following spells:

 Spells                   Type           Power        Failure   Level  Hunger
 Poisonous Vapours        Pois/Air       ###...       7%          2    N/A
 Static Discharge         Conj/Air       ###.....     12%         3    N/A
 Sting                    Conj/Pois      #...         13%         1    N/A
 Summon Small Mammal      Summ           #...         16%         1    N/A
 Call Imp                 Summ           #.......     22%         2    N/A
 Call Canine Familiar     Summ           #.......     41%         3    N/A
 Summon Guardian Golem    Hex/Summ       #.......     41%         3    N/A
 Olgreb's Toxic Radiance  Pois           #.......     83%         4    N/A
 Summon Ice Beast         Ice/Summ       #.......     83%         4    N/A
 Venom Bolt               Conj/Pois      #.........   98%         5    N/A

Dungeon Overview and Level Annotations

Branches:
Dungeon (11/15)            Temple (1/1) D:4            Lair (0/6) D:9
    Orc: D:9-12

Altars:
Ashenzari
Cheibriados
Dithmenos
Elyvilon
Fedhas
Gozag
Hepliaklqana
Kikubaaqudgha
Makhleb
Nemelex Xobeh
Okawaru
Qazlal
Ru
Sif Muna
Trog
Uskayaw
Vehumet
Wu Jian
Xom
Yredelemnul
Zin
The Shining One
Jiyva

Shops:
D:5 (}[[(   D:9 }:}

Annotations:
D:8 3 runed doors, Nib's ghost, novice CeHu
D:11 exclusion: cyclops


Innate Abilities, Weirdness & Mutations

You do not eat or drink.
Your flesh is vulnerable to fire.
You are immune to poison.
Your flesh is cold resistant. (rC+)
You are immune to negative energy. (rN+++)
You are immune to unholy pain and torment.
You can survive without breathing.


Message History

The ball explodes into a vile cloud!
The stinking cloud engulfs the centaur warrior.
You hear a shout!
The centaur shoots an arrow.
The arrow hits you.
The centaur warrior is engulfed in noxious fumes.
The centaur warrior appears confused.
The centaur shoots an arrow.
The arrow misses you.
You can't eat.
Unknown command.
The centaur warrior is engulfed in noxious fumes.
The centaur unwields an uncursed falchion.
The centaur wields a shortbow.
The centaur shoots an arrow.
You reflect the arrow off an invisible shield around you!
The arrow hits the centaur!
Casting: Mephitic Cloud (safe; 19% risk of failure)
Confirm with . or Enter, or press ? or * to list all spells.
Aiming: Mephitic Cloud (safe; 19% risk of failure)
Press: ? - help, Shift-Dir - straight line, f - centaur, p - centaur warrior
Aim: a centaur, wielding a shortbow The ball explodes into a vile cloud!
The stinking cloud engulfs the centaur. x2
The centaur is heavily wounded.
The centaur is engulfed in noxious fumes.
The centaur appears confused.
The centaur shoots an arrow.
The arrow hits you.
The centaur is engulfed in noxious fumes.
The centaur appears confused.
Unknown command.
Casting: Mephitic Cloud (safe; 19% risk of failure)
Confirm with . or Enter, or press ? or * to list all spells.
Aiming: Mephitic Cloud (safe; 19% risk of failure)
Press: ? - help, Shift-Dir - straight line, f - centaur, p - centaur
Aim: a centaur, wielding a shortbow (heavily wounded)
The ball explodes into a vile cloud!
The stinking cloud engulfs the centaur.
The centaur is heavily wounded.
The centaur warrior seems less confused.
The centaur is engulfed in noxious fumes.
The centaur appears confused.
The centaur closely misses the centaur warrior.
The centaur is engulfed in noxious fumes.
The centaur appears confused.
Firing (i - inventory)
s - 226 arrows (quivered)
Press: ? - help, Shift-Dir - straight line, f - centaur warrior, p - centaur
Aim: a centaur warrior, wielding a shortbow of flaming (lightly wounded)
You shoot an arrow. The arrow hits the centaur.
The centaur is moderately wounded.
The centaur is engulfed in noxious fumes.
The centaur appears confused.
The centaur warrior shoots an arrow.
The arrow hits you!
* * * LOW HITPOINT WARNING * * *
The arrow burns you!
* * * LOW HITPOINT WARNING * * *
The centaur is engulfed in noxious fumes.
The centaur appears confused.
A crocodile comes into view.
Unknown command.
Casting: Mephitic Cloud (safe; 19% risk of failure)
Confirm with . or Enter, or press ? or * to list all spells.
Aiming: Mephitic Cloud (safe; 19% risk of failure)
Press: ? - help, Shift-Dir - straight line, f/p - centaur warrior
Aim: a centaur warrior, wielding a shortbow of flaming (lightly wounded)
You miscast Mephitic Cloud.
You feel slightly ill.
The centaur warrior shoots an arrow.
The arrow hits you!
* * * LOW HITPOINT WARNING * * *
The arrow burns you.
You die...

##.(.......(...
##...(..(t..(..#
#..........)...#
#...(.........##
#.............###..
#...)...........$.<.....
#$................(....
##.())...§§.....((.....
##(<.@..§.(c.....$....
##.(..§§§......(.....
##..c..............
##..(c........(.#
##............#
##......((..(#
##.......(.(##
##..........###
##............


You could see a centaur warrior, a crocodile and 2 centaurs.

Vanquished Creatures
  2 two-headed ogres
  An ugly thing (D:11)
  A cyclops (D:11)
  Joseph (D:7)
  A centaur zombie (D:11)
  A hippogriff (D:8)
  15 yaks
  2 wyverns (D:9)
  A hungry ghost (D:9)
  A water moccasin (D:8)
  3 porcupines (D:9)
  2 ice beasts (D:7)
  2 orc warriors
  2 sky beasts
  5 phantoms
  10 ogres
  A necrophage (D:9)
  7 centaurs
  2 crocodiles (D:9)
  5 bullfrogs
  A wyvern zombie (D:7)
  A gnoll sergeant (D:10)
  A scorpion (D:11)
  12 killer bees
  6 wights
  9 howler monkeys
  5 crimson imps
  2 quasits
  2 hounds
  2 centaur skeletons
  4 jellies
  4 orc wizards
  Crazy Yiuf (D:7)
  4 iguanas
  8 worker ants
  A hound skeleton (D:7)
  A worker ant zombie (D:5)
  A howler monkey zombie (D:5)
  8 gnolls
  9 adders
  A shadow imp (D:8)
  2 worms (D:2)
  4 dart slugs
  2 leopard geckos
  18 orcs
  4 giant cockroaches
  4 goblins
  8 hobgoblins
  9 jackals
  4 quokkas
  A ball python (D:2)
  2 bats
  4 frilled lizards
  6 kobolds
  A leopard gecko skeleton (D:9)
  2 quokka skeletons
  6 rats
225 creatures vanquished.

Vanquished Creatures (others)
  A centaur (D:11)
  16 fungi (D:9)
  3 plants (D:9)
20 creatures vanquished.

Grand Total: 245 creatures vanquished

Notes
Turn   | Place    | Note
-------+----------+-------------------------------------------
     0 | D:1      | Amnesiac the Mummy Air Elementalist began the quest for the
                  | Orb.
     0 | D:1      | Reached XP level 1. HP: 13/13 MP: 4/4
   333 | D:3      | Reached XP level 2. HP: 19/19 MP: 1/5
   448 | D:5      | Entered Level 5 of the Dungeon
   642 | D:3      | Reached XP level 3. HP: 2/24 MP: 0/7
  1214 | D:4      | Noticed a phantom
  1258 | D:4      | Killed a phantom
  1258 | D:4      | Reached XP level 4. HP: 20/30 MP: 0/10
  1563 | D:4      | Found a staircase to the Ecumenical Temple.
  1572 | Temple   | Entered the Ecumenical Temple
  1615 | Temple   | Became a worshipper of Vehumet
  1740 | D:1      | Learned a level 2 spell: Swiftness
  1745 | D:1      | Learned a level 4 spell: Airstrike
  1834 | D:1      | Found an iron altar of Okawaru.
  1946 | D:1      | Reached XP level 5. HP: 33/35 MP: 9/11
  2547 | D:2      | Found a faded altar of an unknown god.
  2664 | D:2      | Reached XP level 6. HP: 41/41 MP: 7/13
  2671 | D:2      | Learned a level 5 spell: Lightning Bolt
  2846 | D:2      | Found a shattered altar of Ashenzari.
  3302 | D:3      | Reached * piety under Vehumet
  3302 | D:3      | Offered knowledge of Flame Tongue by Vehumet.
  3302 | D:3      | Reached skill level 5 in Air Magic
  3582 | D:3      | Found a blossoming altar of Fedhas.
  3793 | D:4      | Reached skill level 5 in Spellcasting
  4217 | D:5      | Found Muojaeg's Weapon Shop.
  4349 | Temple   | Fell from the grace of Vehumet
  4349 | Temple   | Became a worshipper of Warmaster Okawaru
  4595 | D:5      | Found Amuniwne's Antique Armour Shop.
  4641 | D:5      | Reached skill level 1 in Fighting
  4641 | D:5      | Reached skill level 1 in Armour
  4641 | D:5      | Reached XP level 7. HP: 38/48 MP: 4/15
  4819 | D:5      | Found Follibb's Armour Emporium.
  5264 | D:5      | Found Foren's Gadget Shoppe.
  5319 | D:5      | Found Ruunupp's Antique Weapon Boutique.
  5324 | D:5      | Reached * piety under Okawaru
  6037 | D:6      | Reached XP level 8. HP: 57/57 MP: 3/16
  6133 | D:6      | Reached skill level 1 in Invocations
  7180 | D:6      | Reached skill level 1 in Bows
  7290 | D:6      | Reached ** piety under Okawaru
  7526 | D:7      | Got a polished longbow
  7527 | D:7      | Identified the cursed +1 longbow "Usmokk" {velocity, rPois
                  | Str-3 Dex+2} (You found it on level 7 of the Dungeon)
  7550 | D:7      | Reached skill level 2 in Bows
  7697 | D:7      | Reached skill level 3 in Bows
  7710 | D:7      | Reached XP level 9. HP: 54/64 MP: 18/18
  7786 | D:7      | Noticed Joseph
  8063 | D:7      | Reached skill level 4 in Bows
  8241 | D:7      | Reached *** piety under Okawaru
  8247 | D:7      | Reached skill level 5 in Bows
  8614 | D:7      | Found an ancient bone altar of Kikubaaqudgha.
  8928 | D:7      | Killed Joseph
  9307 | D:7      | Found a runed door.
  9311 | D:7      | Noticed Crazy Yiuf
  9314 | D:7      | Killed Crazy Yiuf
  9314 | D:7      | Reached skill level 6 in Bows
  9635 | D:8      | Found a runed gate.
  9636 | D:8      | Found a runed gate.
  9756 | D:8      | Reached **** piety under Okawaru
  9756 | D:8      | Reached XP level 10. HP: 70/70 MP: 16/19
  9866 | D:8      | Reached skill level 5 in Invocations
 10054 | D:8      | Found a runed gate.
 10054 | D:8      | Noticed Nib's ghost (novice CeHu)
 10064 | D:8      | Found a viscous altar of Jiyva.
 10156 | D:9      | Reached skill level 7 in Bows
 10248 | D:9      | Found Pethy's Gadget Boutique.
 10261 | D:9      | Noticed a two-headed ogre
 10391 | D:8      | Was forgiven by Vehumet
 10564 | D:9      | Found Zaguejau's Gadget Shop.
 10651 | D:9      | Learned a level 3 spell: Mephitic Cloud
 10656 | D:9      | Learned a level 4 spell: Summon Lightning Spire
 10900 | D:9      | Killed a two-headed ogre
 10900 | D:9      | Reached skill level 8 in Bows
 11282 | D:9      | Found a staircase to the Lair.
 11318 | D:9      | Found Dusoh's Book Shop.
 11351 | D:9      | Reached ***** piety under Okawaru
 11627 | D:10     | Entered Level 10 of the Dungeon
 11765 | D:10     | Reached skill level 9 in Bows
 11771 | D:10     | Received a gift from Okawaru
 11862 | D:10     | Got a shimmering buckler
 12173 | D:10     | Reached XP level 11. HP: 73/75 MP: 1/20
 12583 | D:10     | Received a gift from Okawaru
 12589 | D:10     | Got a crude helmet {god gift}
 12596 | D:10     | Identified the +0 helmet of Lyax Ker {rElec rC- Stlth+}
                  | (Okawaru gifted it to you on level 10 of the Dungeon)
 12636 | D:10     | Got a pitted broad axe
 12895 | D:10     | Noticed a two-headed ogre
 12902 | D:10     | Killed a two-headed ogre
 13056 | D:10     | Reached skill level 10 in Bows
 13302 | D:11     | Noticed a white ugly thing
 13313 | D:11     | Killed a white ugly thing
 13404 | D:11     | Noticed a centaur warrior
 13414 | D:11     | Shot with an arrow by a centaur warrior

Vault maps used:
D:1:      dpeg_arrival_ternary, okawaru_ov_weapons_minmay
D:2:      first_ration, chequers_ecumenical_altar_simple,
          nicolae_ashenzari_panopticon
D:3:      grunt_ministairs_14, fedhas_altar_1
D:4:      lemuel_temple_firewalk_b
D:5:      serial_shops, nicolae_shop_stone, kennysheep_little_box, shop, shop,
          nicolae_shop_stone
D:6:      skrybe_limestone_x
D:7:      nicolae_whirlpool, lemuel_coloured_pillars_altar, uniq_joseph,
          uniq_crazy_yiuf_cottage
D:8:      gammafunk_ghost_ooze
D:9:      due_lair_maze_entry_diamond, serial_shops, nicolae_shop_crystal,
          nicolae_shop_crystal, shop
Temple:   kilobyte_greek_temple

Skill      XL: |  1  2  3  4  5  6  7  8  9 10 11 |
---------------+----------------------------------+-----
Air Magic      | 3 4 5 6 |  6.0
Spellcasting   | 3 4 5 6 |  6.0
Fighting       | 1 2 3 |  3.3
Armour         | 1 2 3 |  3.5
Dodging        | 2 3 |  3.5
Invocations    | 2 4 6 7 |  7.9
Bows           | 3 6 9 10 | 10.4
Stealth        | |  1.5
Conjurations   | |  0.7

Action                   |  1- 3 |  4- 6 |  7- 9 | 10-12 || total
-------------------------+-------+-------+-------+-------++-------
Melee: Rapier            |       |    15 |     1 |       ||    16
 Fire: Longbow           |       |       |    88 |   260 ||   348
 Cast: Shock             |    45 |   118 |    43 |     1 ||   207
       Airstrike         |       |     4 |    81 |    30 ||   115
       Mephitic Cloud    |       |       |       |    10 ||    10
Invok: Heroism           |       |       |     1 |     1 ||     2
       Finesse           |       |       |       |     1 ||     1
  Use: Scroll            |     1 |     5 |     3 |     5 ||    14
Armor: Robe              |       |     8 |       |       ||     8
       Leather armour    |       |     4 |    15 |    34 ||    53
Dodge: Dodged            |    21 |    28 |    53 |    98 ||   200
Block: Other             |       |     5 |    16 |    40 ||    61
       Reflection        |       |       |     6 |     2 ||     8

Table legend:
 A = Non-vault XP
 B = Vault XP
 C = Vault XP percentage of total XP
 D = Non-vault monster count
 E = Vault monster count
 F = Vault count percentage of total count
                 A         B        C        D         E       F
            +---------+---------+-------+---------+---------+-------
      Total |   14456 |    1974 |  12.0 |     211 |      15 |   6.6
            +---------+---------+-------+---------+---------+-------
        D:1 |      23 |       0 |   0.0 |      12 |       0 |   0.0
        D:2 |     205 |       0 |   0.0 |      18 |       0 |   0.0
        D:3 |      81 |       3 |   3.6 |      23 |       2 |   8.0
        D:4 |     294 |       0 |   0.0 |       7 |       0 |   0.0
        D:5 |     641 |       0 |   0.0 |      14 |       0 |   0.0
        D:6 |    1135 |       0 |   0.0 |      18 |       0 |   0.0
        D:7 |    1490 |     837 |  36.0 |      31 |       5 |  13.9
        D:8 |    1284 |       0 |   0.0 |      22 |       0 |   0.0
        D:9 |    2348 |    1134 |  32.6 |      24 |       8 |  25.0
       D:10 |    4233 |       0 |   0.0 |      27 |       0 |   0.0
       D:11 |    2722 |       0 |   0.0 |      15 |       0 |   0.0
            +---------+---------+-------+---------+---------+-------
